 Dungeon Crawl Stone Soup version 0.31.0-12-g77e489cdc1 (webtiles) character file.

Game seed: 8302585323012652081

214 Gadfly the Insei (level 5, -2/40 (41) HPs)
             Began as a Demonspawn Monk on Feb 11, 2024.
             Slain by an orc warrior
             ... wielding a +0 mace
              (7 damage)
             ... on level 6 of the Dungeon on Feb 12, 2024.
             The game lasted 00:05:53 (3058 turns).

Gadfly the Insei (Demonspawn Monk)                  Turns: 3058, Time: 00:05:54

HP:   -2/40 (41)    AC:  3    Str: 13    XL:     5   Next: 60%
MP:   5/5           EV: 18    Int: 11    God:
Gold: 213           SH:  0    Dex: 15    Spells: 4/4 levels left

rFire   . .          .
                       - Unarmed
rCold   . . .        c - orb {light}
rNeg    . . .        a - +0 robe
rPois   .            (no helmet)
rElec   .            (no cloak)
rCorr   .            (no gloves)
SInv    .            n - +0 pair of boots
Will    .....        i - amulet of faith
Stlth   +            o - ring of flight
HPRegen 0.26/turn    (no ring)
MPRegen 0.09/turn

%: faith
@: mighty, agile, flying, glowing, lightly drained
A: powered by death 1, powered by pain 1
a: no special abilities


You were on level 6 of the Dungeon.
You visited 1 branch of the dungeon, and saw 6 of its levels.

You collected 213 gold pieces.

Inventory:

Hand Weapons
 b - a +1 vampiric long sword
 k - a +1 antimagic dagger
Armour
 a - a +0 robe (worn)
 c - an orb of light (worn)
 n - a +0 pair of boots (worn)
Jewellery
 h - a ring of ice
 i - an amulet of faith (around neck)
 o - a ring of flight (left hand)
Talismans
 l - a flux talisman
Scrolls
 j - a scroll of identify
 s - 2 scrolls of teleportation
 t - a scroll of vulnerability {unknown}
Potions
 d - a potion of haste
 e - 3 potions of curing
 f - a potion of attraction
 m - a potion of cancellation
 p - a potion of lignification
 r - a potion of enlightenment


   Skills:
 - Level 3.0 Fighting
 + Level 3.2 Dodging
 * Level 3.9 Unarmed Combat
 * Level 2.7 Evocations
 * Level 2.1 Shapeshifting


You had 4 spell levels left.
You didn't know any spells.
Your spell library contained the following spells:

 Spells                   Type           Power      Damage    Failure   Level
 Scorch                   Fire           0%         2d5       47%         2
 Flame Wave               Conj/Fire      0%         2d4       98%         4
 Iskenderun's Battlesphe  Conj           0%         2d6       100%        5
 Bombard                  Conj/Erth      0%         9d1       100%        6
 Summon Cactus Giant      Summ           0%         N/A       100%        6
 Spellforged Servitor     Conj/Summ      0%         N/A       100%        7


Dungeon Overview and Level Annotations

Branches:
Dungeon (7/15)
 Temple: D:4-7

Altars:

Shops:
D:3 [

Annotations:
D:7 Jeremiah


Innate Abilities, Weirdness & Mutations

You regenerate a little health from kills.
You sometimes gain a little power by taking damage.


Message History

The orc wizard casts a spell at you. You resist with some effort.
An orc warrior comes into view. It is wielding a +0 mace.
You hit the orc wizard.
The orc wizard is moderately wounded.
You hit the orc wizard.
The orc wizard is heavily wounded.
The orc wizard gestures at you while chanting.
The puff of flame hits you!
You focus on the pain.
You feel agile all of a sudden.
You are too injured to fight recklessly!
You are too injured to fight recklessly!
You are too injured to fight recklessly!
You are too injured to fight recklessly!
You are too injured to fight recklessly!
You are too injured to fight recklessly!
You are too injured to fight recklessly!
You are too injured to fight recklessly!
You are too injured to fight recklessly!
You are too injured to fight recklessly!
You are too injured to fight recklessly!
You are too injured to fight recklessly!
You are too injured to fight recklessly!
You closely miss the orc wizard.
The orc wizard is heavily wounded.
The orc wizard hits you with a +0 dagger.
You hit the orc wizard.
The orc wizard is heavily wounded.
The orc wizard misses you.
You hit the orc wizard.
The orc wizard is severely wounded.
An orc comes into view. It is wielding a +0 dagger.
The orc wizard hits you but does no damage.
The orc warrior hits you with a +0 mace!
* * * LOW HITPOINT WARNING * * *
You focus on the pain.
You feel very mighty all of a sudden.
The orc warrior attacks as it pursues you!
The orc warrior hits you with a +0 mace!
You die...

...........
..........
..........
.........
.......). +
###........
#.#..........
#...o@.......
#...o##.?....
#.o.## #####
#...o #...#
###. ##


You could see an orc warrior, 2 orc wizards and an orc.

Vanquished Creatures
  A phantom (D:4)
  An iguana (D:4)
  4 adders
  A dart slug (D:1)
  A ribbon worm (D:3)
  2 orcs
  7 bats
  5 endoplasms
  2 giant cockroaches (D:1)
  8 hobgoblins
  5 jackals (D:1)
  12 kobolds
  3 quokkas
  5 ball pythons
  3 frilled lizards
  3 goblins (D:2)
  7 rats
70 creatures vanquished.

Notes
Turn   | Place    | Note
-------+----------+-------------------------------------------
     0 | D:1      | Gadfly the Demonspawn Monk began the quest for the Orb.
     0 | D:1      | Reached XP level 1. HP: 18/18 MP: 1/1
   174 | D:1      | Gained mutation: You regenerate a little health from kills.
                  | [demonic ancestry]
   174 | D:1      | Reached XP level 2. HP: 22/24 MP: 2/2
   242 | D:1      | Reached skill level 1 in Evocations
   328 | D:1      | Found a faded altar of an unknown god.
   397 | D:1      | Reached XP level 3. HP: 29/29 MP: 3/3
   645 | D:1      | Reached skill level 1 in Shapeshifting
  1531 | D:2      | Reached XP level 4. HP: 28/35 MP: 4/4
  1939 | D:3      | Found Giehisch's Armour Emporium.
  2915 | D:4      | Noticed a phantom
  2936 | D:4      | Gained mutation: You sometimes gain a little power by
                  | taking damage. [demonic ancestry]
  2936 | D:4      | Reached XP level 5. HP: 15/41 MP: 5/5
  2950 | D:4      | Killed a phantom
  2953 | D:4      | You are sucked into a shaft and drop 3 floors!
  3012 | D:7      | Noticed Jeremiah
  3053 | D:6      | Noticed an orc warrior
  3058 | D:6      | Slain by an orc warrior

Illustrated notes

Levels and vault maps discovered:
D:1:      dpeg_arrival_solitude, layout_loops_ring,
          shapermc_ecumenical_altar_acropolis
D:2:      layout_loops_ring, st_stairs_10, grunt_decor_arrowhead,
          minmay_pentomino_v2
D:3:      wander_river, layout_loops_cross, serial_shops,
          nicolae_shop_advertising_works [nicolae_subvault_shop_adworks]
D:4:      layout_rooms
D:6:      layout_layer_cave, mainiacjoe_overflow_divided_tiny,
          lemuel_mausoleum_altar_yredelemnul, ebering_ghost_reflecting_pool,
          dk_noncrumbling_2, kennysheep_another_room, sigmund_edmund_badplayer
D:7:      layout_rooms, mainiacjoe_overflow_six_doors_small,
          minmay_temple_entry_sparse_star, kennysheep_windowed_goal,
          uniq_jeremiah

Skill      XL: |  1  2  3  4  5 |
---------------+----------------+-----
Evocations     | 1 2 |  2.7
Unarmed Combat | 3 |  3.9
Shapeshifting  | 1 2 |  2.1
Dodging        | 3 |  3.2
Fighting       | |  3.0

Action                     |  1- 3 |  4- 6 || total
---------------------------+-------+-------++-------
  Melee: Unarmed           |   145 |    86 ||   231
         Long sword        |       |     1 ||     1
    Use: Scroll            |     2 |     7 ||     9
         Potion            |     2 |     2 ||     4
 Armour: Robe              |    63 |    48 ||   111
  Dodge: Dodged            |   114 |    49 ||   163
